 Dungeon Crawl Stone Soup version 0.27-a0-1065-ge809cff456 (webtiles) character file.

Game seed: 3102597644384847463

9087 Mgcat the Martial Artist (level 11, 0/81 HPs)
             Began as a Djinni Transmuter on Apr 21, 2021.
             Was a Believer of Makhleb.
             Slain by an eight-headed hydra (9 damage)
             ... on level 10 of the Dungeon on Apr 22, 2021.
             The game lasted 00:32:28 (16663 turns).

Mgcat the Martial Artist (Djinni Transmuter)       Turns: 16663, Time: 00:32:29

Health: 0/81       AC:  6    Str: 11    XL:     11   Next: 41%
Gold:   576        EV: 25    Int: 19    God:    Makhleb [**....] SH:  0 Dex: 18

rFire    . . .     SeeInvis .     - Unarmed
rCold    . . .     Faith    .   (shield currently unavailable)
rNeg     . . .     Spirit   .   (armour currently unavailable)
rPois    ∞         Reflect  .   (helmet currently unavailable)
rElec    .         Harm     .   (cloak currently unavailable)
rCorr    .         Rampage  .   (gloves currently unavailable)
Will     +....                  (boots unavailable)
Stlth    ++........             (no amulet)
HPRegen  0.23/turn              l - +4 ring of slaying
MPRegen  0.00/turn              y - +4 ring of protection

@: about to teleport, spider-form, flying, studying Axes
A: venomous fangs, flying, tiny, (fire resistance 2), (cold vulnerability 1),
float, innate caster, hp casting, extra vitality 1, (iridescent scales 1),
clever 1
a: End Transformation, Renounce Religion, Minor Destruction


You were on level 10 of the Dungeon.
You worshipped Makhleb.
Makhleb was pleased with you.
You were a venomous arachnid creature.
You visited 2 branches of the dungeon, and saw 12 of its levels.

You collected 588 gold pieces.
You spent 12 gold pieces at shops.

Inventory:

Missiles
 i - a curare-tipped dart
 s - 2 throwing nets {=f, !d}
Armour
 a - a +0 robe (melded)
 c - a +1 pair of gloves (melded)
   (You found it on level 1 of the Dungeon)
 k - the +1 cloak of Starlight (melded) {*Dazzle EV+4 Stlth--}
   (You found it on level 6 of the Dungeon)

   It affects your evasion (+4).
   It makes you much less stealthy.
 I - a +2 cloak
   (You found it on level 10 of the Dungeon)
Magical Staves
 h - a staff of fire {rF+}
   (You found it on level 2 of the Dungeon)
Jewellery
 l - a +4 ring of slaying (left front leg)
   (You found it on level 2 of the Dungeon)
 n - a ring of positive energy {rN+}
   (You found it on level 10 of the Dungeon)
 t - a ring of wizardry {Wiz+, !d}
   (You found it on level 6 of the Dungeon)
 y - a +4 ring of protection (right front leg)
   (You found it on level 6 of the Dungeon)
 G - a ring of wizardry {Wiz+, !d}
   (You took it off an orc priest on level 9 of the Dungeon)
 J - a ring of willpower
   (You found it on level 10 of the Dungeon)
Wands
 f - a wand of flame (11)
   (You found it on level 9 of the Dungeon)
 C - a wand of polymorph (22)
   (You took it off a wight on level 8 of the Dungeon)
 F - a wand of paralysis (9)
   (You found it on level 9 of the Dungeon)
 H - a wand of iceblast (7)
   (You found it on level 10 of the Dungeon)
Scrolls
 e - 4 scrolls of enchant weapon {unknown}
 j - 5 scrolls of teleportation
 p - 2 scrolls of noise {!r}
 u - 2 scrolls of magic mapping {!r}
 A - 3 scrolls of fear
 D - a scroll of identify
 E - a scroll of torment {!r}
Potions
 d - 2 potions of resistance
 m - 2 potions of brilliance
 r - 3 potions of flight
 v - a potion of attraction {!q}
 w - 3 potions of lignification {!q}
 x - a potion of invisibility
 z - a potion of heal wounds
 B - 8 potions of ambrosia


   Skills:
 + Level 8.1 Fighting
 + Level 7.4 Dodging
 * Level 11.4 Unarmed Combat
 + Level 6.6 Spellcasting
 + Level 4.0 Invocations


You couldn't memorise any spells.
You knew the following spells:

 Your Spells              Type           Power      Damage    Failure   Level
a - Beastly Appendage     Tmut           62%        N/A       4%          1
b - Wereblood             Tmut           31%        N/A       5%          2
c - Spider Form           Tmut/Pois      15%        N/A       8%          3
d - Ice Form              Ice/Tmut       31%        N/A       19%         4
e - Hydra Form            Tmut           15%        N/A       38%         5
f - Foxfire               Conj/Fire      100%       2x1d9     4%          1
g - Searing Ray           Conj           62%        3d5       5%          2
h - Gell's Gravitas       Tloc           15%        N/A       8%          3
i - Summon Guardian Gole  Hex/Summ       31%        N/A       8%          3
j - Passage of Golubria   Tloc           N/A        N/A       19%         4
Your spell library was empty.

Dungeon Overview and Level Annotations

Branches:
Dungeon (11/15)            Temple (1/1) D:7            Lair (0/6) D:8
    Orc (0/2) D:10

Altars:
Ashenzari
Cheibriados
Dithmenos
Elyvilon
Fedhas
Gozag
Hepliaklqana
Kikubaaqudgha
Makhleb
Nemelex Xobeh
Okawaru
Qazlal
Ru
Sif Muna
Trog
Uskayaw
Vehumet
Wu Jian
Xom
Yredelemnul
Zin
The Shining One
Jiyva

Shops:
D:1 !

Annotations:
D:3 t4s4d4r's ghost, amateur OpTm
D:4 2 transporters, Galthrax's ghost, amateur PaFi
D:9 3 runed translucent doors, Alarkh's ghost, novice DsTm


Innate Abilities, Weirdness & Mutations

You are a venomous arachnid creature.
You have poisonous fangs.
You are tiny and dextrous.
You are flying.
Your spellcasting is less reliable in this form.
Your armour is entirely melded.
You are incapable of wielding weapons or throwing items.
You are immune to poison.
((Your flesh is very heat resistant. (rF++)))
((You are vulnerable to cold. (rC-)))
You float through the air rather than walking.
You learn spells naturally, not from books.
Your magical power is your life essence.
You have superior vitality. (+4 HP)
((You are partially covered in iridescent scales. (AC +2)))
Your mind is acute. (Int +2)


Message History

* * * LOW HITPOINT WARNING * * *
The centaur shoots an arrow.
The arrow misses you.
You take 8 damage, and have 23/81 hp.
Spoiler Alert: The centaur is fast and can hit for moderate damage at range!
Your transformation has ended.
The +1 cloak of Starlight {*Dazzle EV+4 Stlth--} unmelds from your body.
Your +1 pair of gloves unmelds from your body.
Your +0 robe unmelds from your body.
The centaur shoots an arrow.
The arrow closely misses you.
There is a stone staircase leading up here.
Spoiler Alert: The centaur is fast and can hit for moderate damage at range!
The centaur shoots an arrow.
The arrow misses you.
The centaur shoots an arrow.
The arrow closely misses you.
You fly upwards.
There is a stone staircase leading down here.
You start resting.
HP restored.
You regained 45 hp, and now have 68/81 hp.
Unknown command.
There is a stone staircase leading down here.
You fly downwards.
You hear a distant snort.
Hark!
There is a gateway to a gauntlet on this level.
Find the entrance quickly before the gate is sealed!
You hear the loud beating of a distant drum.
Found 3 atropa-tipped darts.
Found a stone staircase leading down.
There is a stone staircase leading up here.
Unknown command.
Unknown command.
Unknown command.
Unknown command.
Unknown command.
Unknown command.
Unknown command.
Found 15 poisoned darts.
Found a stone staircase leading down.
You reach down and open the large door.
A yak and a hornet come into view.
The yak bellows!
The hornet buzzes angrily.
You hear a roar!
There is a large open door here.
Spoiler Alert: The yak can hit for moderate damage in melee!
Casting: Spider Form (safe; 1% risk of failure)
Confirm with . or Enter, or press ? or * to list all spells.
You turn into a venomous arachnid creature.
The +1 cloak of Starlight {*Dazzle EV+4 Stlth--} melds into your body.
Your +1 pair of gloves melds into your body.
Your +0 robe melds into your body.
An eight-headed hydra comes into view.
You take 2 damage, and have 70/81 hp.
Warning x2: The yak can hit for moderate damage in melee!
The eight-headed hydra can hit for high damage in melee!
Unknown command.
Lua error: [string "/dgldir/rcfiles/crawl-git/Mgcat.rc"]:930: invalid capture index Unknown command.
Lua error: [string "/dgldir/rcfiles/crawl-git/Mgcat.rc"]:930: invalid capture index A brown ugly thing comes into view.
Warning x3: The yak can hit for moderate damage in melee!
The brown ugly thing (wandering) is fas and can hit for high damage in melee, corroding equipment!
The eight-headed hydra can hit for high damage in melee!
Warning x2: The brown ugly thing (wandering) is fas and can hit for high damage in melee, corroding equipment!
The eight-headed hydra can hit for high damage in melee!
Lua error: [string "/dgldir/rcfiles/crawl-git/Mgcat.rc"]:930: invalid capture index Lua error: [string "/dgldir/rcfiles/crawl-git/Mgcat.rc"]:930: invalid capture index Lua error: [string "/dgldir/rcfiles/crawl-git/Mgcat.rc"]:930: invalid capture index Lua error: [string "/dgldir/rcfiles/crawl-git/Mgcat.rc"]:930: invalid capture index Lua error: [string "/dgldir/rcfiles/crawl-git/Mgcat.rc"]:930: invalid capture index Lua error: [string "/dgldir/rcfiles/crawl-git/Mgcat.rc"]:930: invalid capture index
There is a stone staircase leading up here.
Spoiler Alert: The eight-headed hydra can hit for high damage in melee!
The hornet barely misses you. The eight-headed hydra bites you. x4
The eight-headed hydra misses you.
The eight-headed hydra barely misses you. x2
The eight-headed hydra closely misses you.
The hornet barely misses you.
You fly upwards.
There is a stone staircase leading down here.
You take 15 damage, and have 57/81 hp.
Spoiler Alert: The eight-headed hydra can hit for high damage in melee!
Lua error: [string "/dgldir/rcfiles/crawl-git/Mgcat.rc"]:930: invalid capture index The hornet stings you!
You take 12 damage, and have 45/81 hp.
Lua error: [string "/dgldir/rcfiles/crawl-git/Mgcat.rc"]:930: invalid capture index The hornet closely misses you.
The eight-headed hydra completely misses you.
The eight-headed hydra bites you! The eight-headed hydra misses you.
The eight-headed hydra closely misses you.
The eight-headed hydra bites you. The eight-headed hydra bites you!
* * * LOW HITPOINT WARNING * * *
The eight-headed hydra completely misses you.
The eight-headed hydra closely misses you.
You take 29 damage, and have 16/81 hp.
MASSIVE DAMAGE!!
Lua error: [string "/dgldir/rcfiles/crawl-git/Mgcat.rc"]:930: invalid capture index The hornet misses you.
Spoiler Alert: The eight-headed hydra can hit for high damage in melee!
As you read the scroll of teleportation, it crumbles to dust.
You feel strangely unstable. The hornet completely misses you.
The eight-headed hydra bites you.
* * * LOW HITPOINT WARNING * * *
The eight-headed hydra completely misses you.
The eight-headed hydra barely misses you.
The eight-headed hydra misses you.
The eight-headed hydra closely misses you.
The eight-headed hydra misses you. The eight-headed hydra bites you.
* * * LOW HITPOINT WARNING * * *
The eight-headed hydra bites you!
You die...

# #..# #...# #.# #..# # #..#
#...# #.#####..# # #..#
#...# #####.#.#.)# # #..#
#...# #.......#..# # #.<#
#...# #.###.#.##### # #[.#
#...# #...###...... #
#))####>..# #######.##### #
#.........######.......#..##
#
#.........ys!....#####.#..##
#
#.........D..........###....
#
#...###>.########"..........
# #...# #..# #..#####.... #
#...# #..# #..# #...# #
#...# #..# #..# #...# #
#...# #..# #..# #...# #
#...# #..# #..# #...# #
#...# #..# #..# #...#


You could see an eight-headed hydra and a hornet.

Vanquished Creatures
  A two-headed ogre (D:8)
  An unseen horror (D:11)
  A queen bee (D:9)
  A wyvern (D:9)
  11 yaks
  A steam dragon (D:7)
  Grum (D:10)
  A basilisk (D:10)
  Menkaure (D:7)
  A water moccasin (D:7)
  Duvessa (D:7)
  A sky beast (D:5)
  An ice beast (D:6)
  2 necrophages
  5 orc warriors
  A black bear (D:6)
  A hornet zombie (D:7)
  2 centaurs
  2 ogres (D:5)
  2 wolves (D:10)
  A phantom (D:6)
  3 kobold brigands
  3 bullfrogs
  3 scorpions
  Dowan (D:7)
  A water moccasin skeleton (D:5)
  27 killer bees (D:9)
  3 howler monkeys
  10 wights
  An electric eel (D:10)
  A centaur zombie (D:10)
  A quasit (D:3)
  4 hounds
  2 jellies
  A bullfrog skeleton (D:7)
  5 orc priests
  2 centaur skeletons
  4 gnoll shamans
  Jessica (D:3)
  6 iguanas
  13 orc wizards
  A howler monkey zombie (D:9)
  7 adders
  22 gnolls
  A shadow imp (D:7)
  A white imp (D:8)
  5 worms
  2 dart slugs (D:2)
  37 orcs
  6 ball pythons
  5 bats
  A bat zombie (D:10)
  10 endoplasms
  4 giant cockroaches
  15 hobgoblins
  5 quokkas
  4 frilled lizards
  7 goblins
  20 kobolds
  2 rats (D:2)
  A rat zombie (D:10)
287 creatures vanquished.

Vanquished Creatures (others)
  5 fungi (D:8)
  5 plants (D:8)
10 creatures vanquished.

Grand Total: 297 creatures vanquished

Notes
Turn   | Place    | Note
-------+----------+-------------------------------------------
     0 | D:1      | Mgcat the Djinni Transmuter began the quest for the Orb.
     0 | D:1      | Reached XP level 1. HP: 17/17 MP: 0/0
   587 | D:1      | Reached XP level 2. HP: 11/22 MP: 0/0
   892 | D:1      | HP: 4/23 [frozen (6)]
  1301 | D:1      | Reached skill level 2 in Fighting
  1547 | D:1      | Reached XP level 3. HP: 24/28 MP: 0/0
  1547 | D:1      | Learned a level 1 spell: Foxfire
  1837 | D:1      | Found Gyhojen's Distillery.
  1841 | D:1      | Bought a potion of degeneration for 12 gold pieces
  2425 | D:1      | Found a faded altar of an unknown god.
  2709 | D:2      | Reached skill level 4 in Unarmed Combat
  3096 | D:2      | Reached XP level 4. HP: 28/34 MP: 0/0
  4193 | D:3      | Reached skill level 2 in Spellcasting
  4490 | D:3      | Noticed Jessica
  4505 | D:3      | Killed Jessica
  4506 | D:3      | Reached XP level 5. HP: 17/40 MP: 0/0
  4506 | D:3      | Learned a level 2 spell: Searing Ray
  4716 | D:3      | Found a transporter.
  4731 | D:3      | Noticed t4s4d4r's ghost (amateur OpTm)
  4744 | D:3      | Found a transporter.
  5143 | D:3      | Reached skill level 3 in Fighting
  5153 | D:3      | HP: 7/40 [gnoll/+0 flail (6)]
  5739 | D:3      | HP: 9/40 [quasit (2)]
  5742 | D:3      | Reached skill level 5 in Unarmed Combat
  5993 | D:4      | Reached XP level 6. HP: 35/46 MP: 0/0
  6446 | D:4      | Found a transporter.
  6446 | D:4      | Noticed Galthrax's ghost (amateur PaFi)
  6451 | D:4      | Found a transporter.
  6451 | D:4      | Identified the +9 great mace "Naokh" {flame, rF+ Dex+5}
  6605 | D:4      | Upgraded the game from 0.27-a0-1060-gcb85b5eba1 to
                  | 0.27-a0-1065-ge809cff456
  6652 | D:4      | Noticed a necrophage
  6712 | D:4      | Killed a necrophage
  6713 | D:4      | Reached skill level 6 in Unarmed Combat
  6713 | D:4      | Reached skill level 3 in Spellcasting
  6713 | D:4      | Reached XP level 7. HP: 43/51 MP: 0/0
  6713 | D:4      | Learned a level 3 spell: Gell's Gravitas
  7080 | D:5      | Entered Level 5 of the Dungeon
  7117 | D:5      | Reached skill level 4 in Fighting
  7144 | D:5      | Found a blossoming altar of Fedhas.
  7144 | D:5      | Found a stormy altar of Qazlal.
  7340 | D:5      | Found a broken altar of Ashenzari.
  7470 | D:5      | Reached skill level 7 in Unarmed Combat
  7470 | D:5      | Reached XP level 8. HP: 41/58 MP: 0/0
  8203 | D:5      | Reached skill level 4 in Spellcasting
  8343 | D:5      | Gained mutation: Your mind is acute. (Int +2) [potion of
                  | mutation]
  8343 | D:5      | Gained mutation: You are partially covered in iridescent
                  | scales. (AC +2) [potion of mutation]
  8399 | D:6      | Noticed a yak
  8411 | D:5      | Reached skill level 3 in Dodging
  8439 | D:5      | Killed a yak
  8440 | D:5      | Reached skill level 5 in Fighting
  8503 | D:6      | Reached skill level 8 in Unarmed Combat
  8637 | D:6      | Reached XP level 9. HP: 44/65 MP: 0/0
  8637 | D:6      | Learned a level 3 spell: Summon Guardian Golem
  8811 | D:6      | Reached skill level 4 in Dodging
  8916 | D:5      | HP: 15/66 [yak (4)]
  9367 | D:6      | Reached skill level 6 in Fighting
  9367 | D:6      | Reached skill level 9 in Unarmed Combat
  9478 | D:6      | Found the +1 cloak of Starlight {*Dazzle EV+4 Stlth--}
  9503 | D:6      | Identified the +9 spear of the Postmodern Mystics {freeze,
                  | rPois MP+9 Str-3}
  9942 | D:7      | Found a staircase to the Ecumenical Temple.
  9954 | D:7      | Noticed Menkaure
  9964 | D:7      | HP: 15/66 [??? (12)]
  9966 | D:7      | Killed Menkaure
  9967 | D:7      | Reached skill level 5 in Spellcasting
  9971 | Temple   | Entered the Ecumenical Temple
 10532 | D:7      | Reached skill level 5 in Dodging
 10734 | D:7      | Found a burning altar of Makhleb.
 10996 | D:7      | HP: 15/67 [orc wizard/+0 dagger (2)]
 11326 | D:7      | Reached XP level 10. HP: 73/73 MP: 0/0
 11496 | D:7      | Reached skill level 10 in Unarmed Combat
 11509 | D:7      | Noticed Dowan
 11566 | D:7      | Became a worshipper of Makhleb the Destroyer
 11610 | D:7      | Noticed Duvessa
 11615 | D:7      | Killed Dowan
 11617 | D:7      | HP: 10/73 [Duvessa/+2 short sword of draining (19)]
 11622 | D:7      | HP: 13/73 [Duvessa/+2 short sword of draining (10)]
 11626 | D:7      | Killed Duvessa
 12081 | D:8      | Reached skill level 6 in Dodging
 12090 | D:8      | Noticed a two-headed ogre
 12095 | D:8      | Killed a two-headed ogre
 12096 | D:8      | Reached skill level 7 in Fighting
 12096 | D:8      | Reached skill level 1 in Invocations
 12456 | D:8      | Found a staircase to the Lair.
 12736 | D:8      | Reached * piety under Makhleb
 12758 | D:8      | Reached skill level 2 in Invocations
 13363 | D:9      | Reached skill level 6 in Spellcasting
 13491 | D:9      | Found a runed translucent gate.
 13493 | D:9      | Found a runed translucent gate.
 13493 | D:9      | Found a runed translucent gate.
 13493 | D:9      | Noticed Alarkh's ghost (novice DsTm)
 13496 | D:9      | Found a viscous altar of Jiyva.
 13753 | D:9      | Found a flagged portal.
 13910 | D:9      | Reached skill level 3 in Invocations
 14092 | D:9      | Reached XP level 11. HP: 74/80 MP: 0/0
 14092 | D:9      | Learned a level 4 spell: Passage of Golubria
 14241 | D:9      | Reached skill level 11 in Unarmed Combat
 14248 | D:9      | Reached skill level 7 in Dodging
 14452 | D:9      | Reached ** piety under Makhleb
 15102 | D:10     | Entered Level 10 of the Dungeon
 15261 | D:10     | Reached skill level 8 in Fighting
 15428 | D:10     | Found a staircase to the Orcish Mines.
 15633 | D:10     | Found a white marble altar of Elyvilon.
 15746 | D:10     | Found a large runed translucent door.
 15746 | D:10     | Found a large runed translucent door.
 15810 | D:10     | Noticed Grum
 15829 | D:10     | Killed Grum
 15862 | D:10     | Identified the +4 halberd "Imp's Death" {flame, rF+ rC+ rN+
                  | rCorr}
 16322 | D:10     | Found a basalt altar of Yredelemnul.
 16333 | D:10     | Found a hide-covered altar of Uskayaw.
 16427 | D:11     | Reached skill level 4 in Invocations
 16647 | D:11     | Noticed an eight-headed hydra
 16648 | D:11     | Noticed a brown ugly thing
 16661 | D:10     | HP: 16/81 [eight-headed hydra (12)]
 16663 | D:10     | Slain by an eight-headed hydra

Illustrated notes

Levels and vault maps discovered:
D:1:      sevenhm_arrival_forest_fort_small_4, layout_basic,
          ebering_ecumenical_altar_rust, serial_shops, shop
D:2:      layout_loops_ring
D:3:      layout_basic, gammafunk_ghost_stat_death, uniq_jessica
D:4:      layout_loops_ring, gammafunk_ghost_smash, cheibrodos_sewer_entry_bend
D:5:      layout_gridville, grunt_temple_overflow_forces_of_nature,
          ashenzari_altar_1
D:6:      layout_rooms, minivault_10
D:7:      layout_rooms, kennysheep_mini, minmay_temple_entry_offerings,
          minmay_misc_feat_rugged, minmay_manual_monstrance, uniq_menkaure,
          uniq_duvessa
D:8:      layout_basic, dpeg_oklobed_lair
D:9:      layout_roguey [special_room_bee], gammafunk_ghost_endoplasm,
          enter_bailey_2
D:10:     layout_long_grid, lemuel_zombie_altar_kikubaaqudgha,
          jmf_multi_god_temple2, elyvilon_altar_5, kennysheep_minor_cross,
          grunt_decor_fettered, uniq_grum
D:11:     layout_cross, gauntlet_entry_generic, lightli_fourway_metalbox
Temple:   dpeg_chambers_temple

Skill      XL: |  1  2  3  4  5  6  7  8  9 10 11 |
---------------+----------------------------------+-----
Fighting       | 2 3 4 5 6 7 8 |  8.1
Unarmed Combat | 4 5 6 7 8 9 10 11 | 11.4
Spellcasting   | 2 3 4 5 6 |  6.6
Dodging        | 3 5 6 7 |  7.4
Invocations    | 3 4 |  4.0

Action                   |  1- 3 |  4- 6 |  7- 9 | 10-12 || total
-------------------------+-------+-------+-------+-------++-------
Melee: Unarmed           |   157 |   204 |   260 |   328 ||   949
       Headbutt          |     4 |    10 |     2 |       ||    16
       Punch             |     2 |     4 |       |     1 ||     7
 Cast: Beastly Appendage |    10 |    10 |     1 |       ||    21
       Wereblood         |     1 |     5 |       |       ||     6
       Spider Form       |       |     1 |    38 |    25 ||    64
       Hydra Form        |       |       |       |     5 ||     5
       Ice Form          |       |       |       |     2 ||     2
       Searing Ray       |       |       |       |     1 ||     1
Evoke: Wand              |       |       |       |     2 ||     2
  Use: Scroll            |       |     1 |     4 |    19 ||    24
       Potion            |       |       |     1 |     6 ||     7
 Stab: Sleeping          |     5 |     4 |     1 |     1 ||    11
       Invisible         |       |       |       |     2 ||     2
Armor: Robe              |    22 |    64 |     3 |     6 ||    95
       Skin              |       |     1 |     5 |    24 ||    30
Dodge: Dodged            |    79 |   146 |   188 |   315 ||   728

Table legend: (Time is in decaauts)
 A = Elapsed time spent in this place.
 B = Non-inter-level travel time spent in this place.
 C = Inter-level travel time spent in this place.
 D = Time resting spent in this place.
 E = Time spent auto-exploring this place.
 F = Levels seen in this place.
 G = Mean time per level.
                   A        B        C        D        E       F      G
               +--------+--------+--------+--------+--------+-----+--------+
         Total |  16518 |  15661 |    857 |   6741 |   6585 |  12 | 1376.5 |
       Dungeon |  16021 |  15186 |    835 |   6505 |   6348 |  11 | 1456.5 |
        Temple |    496 |    474 |     22 |    236 |    237 |   1 |  496.0 |
               +--------+--------+--------+--------+--------+-----+--------+

Top non-repeatable levels by time:
     D:1: 2622 daAuts
     D:2: 1845 daAuts
     D:7: 1814 daAuts
     D:5: 1801 daAuts
     D:8: 1561 daAuts
     D:3: 1498 daAuts
    D:10: 1490 daAuts
     D:9: 1350 daAuts
     D:4: 1083 daAuts
     D:6: 896 daAuts
  Temple: 496 daAuts
    D:11: 57 daAuts

Table legend:
 A = Kills in this place as a percentage of kills in entire the game.
 B = Kills by you in this place as a percentage of kills by you in the entire game.
 C = Kills by friends in this place as a percentage of kills by friends in the entire game.
 D = Other kills in this place as a percentage of other kills in the entire game.
 E = Experience gained in this place as a percentage of experience gained in the entire game.
 F = Experience gained in this place divided by the number of levels of this place that you have seen.
                   A       B       C       D       E      F
               +-------+-------+-------+-------+-------+----------------------
         Total | 100.0 | 100.0 |   N/A |   N/A | 100.0 | 1081.8
       Dungeon | 100.0 | 100.0 |   N/A |   N/A | 100.0 | 1180.2
               +-------+-------+-------+-------+-------+----------------------
